 Dungeon Sprint DCSS version 0.31-a0-75-g6fe912e8c5 (webtiles) character file.

Game seed: 2557407448746594119

492 sircluck the Grappler (level 6, -2/71 HPs)
             Began as a Troll Berserker on May 23, 2023.
             Was a Believer of Trog.
             Slain by a yak (13 damage)
             ... in the Dungeon (Sprint VII: "The Pits").
             The game lasted 00:00:37 (87 turns).

sircluck the Grappler (Troll Berserker)               Turns: 87, Time: 00:00:39

Health: -2/71      AC:  4    Str: 28    XL:     6   Next: 91%
Magic:  5/5        EV: 11    Int:  3    God:    Trog [**....]
Gold:   0          SH:  0    Dex:  9    Spells: 5/5 levels left

rFire   . .          .
                       - Unarmed
rCold   . . .        (no shield)
rNeg    . . .        a - +0 animal skin
rPois   .            (helmet restricted)
rElec   .            (no cloak)
rCorr   .            (gloves unavailable)
SInv    .            (boots unavailable)
Will    ++...        (no amulet)
Stlth   +            (no ring)
HPRegen 2.11/turn    (no ring)
MPRegen 0.09/turn

%: no teleportation
@: strong-willed, regenerating
A: large, unfitting armour, claws 3, regeneration 1, shaggy fur 1, tough skin 1
a: Renounce Religion, Berserk, Trog's Hand


You were in the Dungeon.
You worshipped Trog.
Trog was pleased with you.
You visited 1 branch

Inventory:

Armour
 a - a +0 animal skin (worn)
Scrolls
 g - a scroll of blinking
Potions
 b - a potion of curing
 c - a potion of heal wounds
 d - a potion of haste
 e - 2 potions of magic
 f - a potion of berserk rage


   Skills:
 + Level 7.5 Fighting
 + Level 7.3 Dodging
 + Level 9.7 Unarmed Combat


You had 5 spell levels left.
You didn't know any spells.
Your spell library was empty.

Dungeon Overview and Level Annotations

Branches:
Dungeon (1/1)

Altars:

Annotations:
D Erica


Innate Abilities, Weirdness & Mutations

You are too large for most types of armour.
You have claws for hands.
Your natural rate of healing is unusually fast.
You are covered in fur. (AC +1)
You have tough skin. (AC +1)


Message History

The yak misses you.
You claw the yak!
The yak is severely wounded.
The yak closely misses you.
You barely miss the yak.
The yak is severely wounded.
The yak gores you. The yak closely misses you.
Okay, then.
Your skin crawls.
You feel strong-willed. The yak gores you. The yak barely misses you.
You mangle the yak!!
The yak is heavily wounded.
Erica mumbles some strange words.
Erica flickers and vanishes!
Deactivating autopickup; reactivate with Ctrl-A.
The yak gores you. x2
You mangle the yak!!
You kill the yak!
Trog accepts your kill. The yak gores you. The yak closely misses you.
Your Fighting skill increases to level 7!
Your Dodging skill increases to level 7!
Your Unarmed Combat skill increases to level 9!
Unknown command.
You scratch the yak.
The yak is lightly wounded.
You recover from your berserk rage.
You closely miss the yak.
The yak is lightly wounded.
The yak barely misses you.
You claw something! The yak gores you! Something hits you! Something burns you.
The yak gores you.
You scratch something. Your claw misses something. The yak misses you.
Something hits you!
* * * LOW HITPOINT WARNING * * *
Something burns you.
* * * LOW HITPOINT WARNING * * *
The yak gores you!
You die...

#................#
#......#..#......#
#................+
+................+
#......#..#......#
#................#
####'#####''######
#.......##''#
#.......##@Y#
#.......##Y{#
#...<...##Y.#
#...†...##..#
#.......##..#
#.......##...
##########...
#...#


You could see 3 yaks.

Vanquished Creatures
  3 yaks (D)
  A phantom (D)
4 creatures vanquished.

Notes
Turn   | Place    | Note
-------+----------+-------------------------------------------
     0 | D        | sircluck the Troll Berserker began the quest for the Orb.
     0 | D        | Reached XP level 1. HP: 22/22 MP: 0/0
    11 | D        | Noticed a yak
    11 | D        | Noticed a yak
    12 | D        | Noticed a phantom
    12 | D        | Noticed Erica
    30 | D        | Killed a yak
    31 | D        | Reached skill level 5 in Fighting
    31 | D        | Reached skill level 5 in Dodging
    31 | D        | Reached skill level 6 in Unarmed Combat
    31 | D        | Reached XP level 2. HP: 35/35 MP: 1/1
    31 | D        | Reached XP level 3. HP: 42/42 MP: 2/2
    31 | D        | Reached XP level 4. HP: 50/50 MP: 3/3
    31 | D        | Reached XP level 5. HP: 57/57 MP: 4/4
    35 | D        | Killed a yak
    36 | D        | Reached skill level 8 in Unarmed Combat
    36 | D        | Reached XP level 6. HP: 68/68 MP: 5/5
    60 | D        | Reached ** piety under Trog
    65 | D        | Noticed a yak
    67 | D        | Noticed a yak
    74 | D        | Noticed a yak
    75 | D        | Noticed a yak
    83 | D        | Killed a yak
    84 | D        | Reached skill level 9 in Unarmed Combat
    87 | D        | Slain by a yak

Illustrated notes

Levels and vault maps discovered:
D:        pitsprint [storerooms_1, entrance_room_1, metal_vault_3, armoury_1,
          mini_pit_1, grid_room_1, main_hall_1, silver_pit, the_coven_3,
          the_vestibule_1, steel_vault_5, golden_pit, hallway_of_sentries,
          crystal_vault_5, iron_vault_4, final_vault]

Skill      XL: |  1  2  3  4  5  6 |
---------------+-------------------+-----
Fighting       | 5 6 7 |  7.5
Dodging        | 5 6 7 |  7.3
Unarmed Combat | 6 8 9 |  9.7

Action                     |  1- 3 |  4- 6 || total
---------------------------+-------+-------++-------
  Melee: Unarmed           |     3 |    21 ||    24
 Invoke: Berserk           |     1 |       ||     1
         Trog's Hand       |       |     1 ||     1
 Armour: Animal skin       |       |     3 ||     3
  Dodge: Dodged            |       |     9 ||     9

Table legend: (Time is in decaauts)
 A = Elapsed time spent in this place.
 B = Non-inter-level travel time spent in this place.
 C = Inter-level travel time spent in this place.
 D = Time resting spent in this place.
 E = Time spent auto-exploring this place.
 F = Levels seen in this place.
 G = Mean time per level.
                   A        B        C        D        E       F      G
               +--------+--------+--------+--------+--------+-----+--------+
         Total |     95 |     95 |      0 |     19 |     11 |   1 |   95.0 |
       Dungeon |     95 |     95 |      0 |     19 |     11 |   1 |   95.0 |
               +--------+--------+--------+--------+--------+-----+--------+

Top non-repeatable levels by time:
       D: 95 daAuts
